 Dungeon Crawl Stone Soup version 0.19.5 (webtiles) character file.

260 LORDOFBUTT the Cudgeler (level 6, -12/37 HPs)
             Began as a Gargoyle Fighter on Mar 6, 2017.
             Mangled by Crazy Yiuf
             ... wielding a +3 quarterstaff of chaos
              (16 damage)
             ... on level 2 of the Dungeon.
             The game lasted 00:02:08 (1238 turns).

LORDOFBUTT the Cudgeler (Gargoyle Fighter)          Turns: 1238, Time: 00:02:08

Health: -12/37     AC: 11    Str: 19    XL:     6   Next: 17%
Magic:  6/6        EV:  7    Int:  9    God:
Gold:   97         SH:  9    Dex: 11    Spells: 0 memorised, 5 levels left

rFire  . . .     SeeInvis .     s - +2 mace (crush)
rCold  + . .     Gourm    .     b - +0 scale mail
rNeg   + . .     Faith    .     c - +0 shield
rPois  ∞         Spirit   .     (no helmet)
rElec  +         Reflect  .     (no cloak)
rCorr  .         Harm     .     (no gloves)
MR     .....                    (no boots)
Stlth  ..........               (no amulet)
                                (no ring)
                                o - ring of protection from cold

@: no status effects
A: negative energy resistance 1, electricity resistance, unbreathing,
petrification resistance, rot immunity, AC +4
a: no special abilities


You were on level 2 of the Dungeon.
You were hungry.

You visited 1 branch of the dungeon, and saw 2 of its levels.

You collected 97 gold pieces.

Inventory:

Hand Weapons
 a - a +0 flail
 r - a +3 mace
 s - a +2 mace of crushing (weapon)
 t - a +0 mace of protection
Armour
 b - a +0 scale mail (worn)
 c - a +0 shield (worn)
Jewellery
 o - a ring of protection from cold (left hand)
Scrolls
 d - a scroll of recharging {unknown}
 e - 6 scrolls of identify {unknown}
 i - a scroll of random uselessness {unknown}
 j - a scroll of noise {unknown}
 l - 2 scrolls of remove curse {unknown}
 p - a scroll of enchant weapon {unknown}
Potions
 k - a potion of resistance {unknown}
 q - 2 potions of heal wounds {unknown}
Comestibles
 f - a bread ration
 h - a slice of pizza
 m - 6 chunks of flesh
 n - a meat ration


   Skills:
 - Level 3.2 Fighting
 + Level 6.2 Maces & Flails
 - Level 3.2 Armour
 + Level 3.4 Shields


You had 5 spell levels left.
You didn't know any spells.

Dungeon Overview and Level Annotations

Branches:
Dungeon (2/15)

Altars:

Annotations:
D:2 Crazy Yiuf


Innate Abilities, Weirdness & Mutations

You are resistant to torment.
Your stone body is resilient. (AC +4)
You are immune to poison.
You resist negative energy. (rN+)
You are resistant to electric shocks. (rElec)
You can survive without breathing.
You are immune to petrification.
You are immune to rotting.


Message History

Crazy Yiuf hits you with a quarterstaff of chaos!
* * * LOW HITPOINT WARNING * * *
Crazy Yiuf closely misses you.
You feel better.
Crazy Yiuf hits you with a quarterstaff of chaos.
Crazy Yiuf burns you.
You completely miss Crazy Yiuf.
Crazy Yiuf is heavily wounded.
Crazy Yiuf hits you with a quarterstaff of chaos!
* * * LOW HITPOINT WARNING * * *
Crazy Yiuf burns you.
* * * LOW HITPOINT WARNING * * *
You block Crazy Yiuf's attack.
Your shield and scale mail prevent you from hitting Crazy Yiuf.
Crazy Yiuf is heavily wounded.
You block Crazy Yiuf's attack. Crazy Yiuf closely misses you.
You sock Crazy Yiuf!
Crazy Yiuf is almost dead.
Crazy Yiuf hits you with a quarterstaff of chaos!
You die...

#))))# #.....
#)).)# #.....
#P#..# #.....
##P..# #.....
##)##
#######.....
##)#
#.....÷.####
#)##
#####.÷.....
##)#
#####.#####.
#@## #.....#
#. #g#
#.##### ##
#)))# #.# ##.
#)))#
#.########..
#).)#
#........#..
#####
#...........
#..........>
##
##.######....
#.##..##
#....


You could see Crazy Yiuf (berserk).

Vanquished Creatures
  Sigmund (D:2)
  Ijyb (D:2)
  3 adders (D:2)
  An ooze (D:2)
  A worm (D:2)
  A dart slug (D:1)
  5 bats
  5 giant cockroaches
  2 hobgoblins
  6 jackals (D:2)
  3 kobolds
  2 frilled lizards (D:1)
  A goblin (D:1)
  6 rats
  3 fungi (D:2)
41 creatures vanquished.

Notes
Turn   | Place    | Note
-------+----------+-------------------------------------------
     0 | D:1      | LORDOFBUTT the Gargoyle Fighter began the quest for the Orb.
     0 | D:1      | Reached XP level 1. HP: 14/14 MP: 1/1
   195 | D:1      | Reached XP level 2. HP: 19/19 MP: 2/2
   514 | D:1      | Reached skill level 3 in Maces & Flails
   858 | D:2      | Reached XP level 3. HP: 18/23 MP: 3/3
   867 | D:2      | Noticed Sigmund
   878 | D:2      | Killed Sigmund
   878 | D:2      | Reached skill level 5 in Maces & Flails
   878 | D:2      | Reached XP level 4. HP: 8/28 MP: 4/4
   878 | D:2      | Reached XP level 5. HP: 10/32 MP: 5/5
  1076 | D:2      | Noticed Ijyb
  1078 | D:2      | Reached skill level 6 in Maces & Flails
  1091 | D:2      | Killed Ijyb
  1091 | D:2      | Reached XP level 6. HP: 27/37 MP: 6/6
  1224 | D:2      | Found a runed door.
  1228 | D:2      | Noticed Crazy Yiuf
  1238 | D:2      | Mangled by Crazy Yiuf

Skill      XL: |  1  2  3  4  5 |
---------------+----------------+-----
Maces & Flails | 3 5 6 |  6.2
Fighting       | |  3.2
Armour         | |  3.2
Shields        | |  3.4

Action                   |  1- 3 |  4- 6 || total
-------------------------+-------+-------++-------
Melee: Flail             |    98 |    62 ||   160
       Mace              |       |    35 ||    35
  Use: Potion            |     1 |     1 ||     2
  Eat: Chunk             |       |     1 ||     1
Armor: Scale mail        |    56 |    49 ||   105
Dodge: Dodged            |    45 |    29 ||    74
Block: Shield            |    56 |    43 ||    99
